 Dungeon Crawl Stone Soup version 0.23.2-33-g5129a83184 (webtiles) character file.

Game seed: 7817404109774819235

41 BorisKarlOrff the Sneak (level 3, -7/24 HPs)
             Began as an Octopode Assassin on June 29, 2019.
             Mangled by Crazy Yiuf
             ... wielding a +3 quarterstaff of chaos
              (20 damage)
             ... on level 2 of the Dungeon.
             The game lasted 00:02:58 (1843 turns).

BorisKarlOrff the Sneak (Octopode Assassin)         Turns: 1843, Time: 00:02:58

Health: -7/24      AC:  1    Str: 10    XL:     3   Next: 52%
Magic:  3/3        EV: 13    Int: 13    God:
Gold:   49         SH:  0    Dex: 14    Spells: 2/2 levels left

rFire    . . .     SeeInvis .   a - +2 dagger
rCold    . . .     Gourm    .   (no shield)
rNeg     . . .     Faith    .   (helmet restricted)
rPois    .         Spirit   .   (no amulet)
rElec    .         Reflect  .   m - ring of wizardry
rCorr    .         Harm     .   (no ring)
MR       .....                  (no ring)
Stlth    ++++......             (no ring)
HPRegen  0.08/turn              (no ring)
MPRegen  0.08/turn              (no ring)
                                (no ring)
                                (no ring)

@: no status effects
A: almost no armour, stealthy swim, amphibious, 8 rings, constrict 8, camouflage
1, gelatinous body 1
a: no special abilities


You were on level 2 of the Dungeon.
You were not hungry.

You visited 1 branch of the dungeon, and saw 2 of its levels.

You collected 49 gold pieces.

Inventory:

Hand Weapons
 a - a +2 dagger (weapon)
 b - a +0 blowgun
Missiles
 c - 17 poisoned needles
 d - 4 curare-tipped needles
Jewellery
 m - a ring of wizardry (left tentacle)
Scrolls
 g - a scroll of teleportation
 h - 2 scrolls of remove curse
 i - 3 scrolls of blinking
 j - 2 scrolls of identify
Potions
 e - 2 potions of brilliance
 f - a potion of cancellation
 k - a potion of agility {unknown}
 l - a potion of magic {unknown}
 n - a potion of curing {unknown}
Comestibles
 o - a ration


   Skills:
 + Level 2.1 Fighting
 + Level 2.3 Short Blades
 + Level 2.5 Throwing
 + Level 1.0 Dodging
 + Level 6.2 Stealth


You had 2 spell levels left.
You didn't know any spells.
Your spell library was empty.

Dungeon Overview and Level Annotations

Branches:
Dungeon (2/15)

Altars:
Fedhas

Annotations:
D:2 Crazy Yiuf


Innate Abilities, Weirdness & Mutations

You cannot wear most types of armour.
You are very stealthy in the water. (Stealth+)
You are amphibious.
You can wear up to eight rings at the same time.
You can use your tentacles to constrict eight enemies at once.
Your skin changes colour to match your surroundings (Stealth+).
Your rubbery body absorbs attacks. (AC +1, EV +1)


Message History

You open the door.
There is an open door here.
There is an open door here.
There is an escape hatch in the floor here.
There is an open door here.
You open the door.
There is an open door here.
You see here a leather armour.
You see here a leather armour.
Found two maces.
Found two maces.
You see here a mace.
You see here a mace.
Found a mace.
Found a runed translucent door.
Crazy Yiuf shouts!
You open the door.
Crazy Yiuf hits you with a +3 quarterstaff of chaos!
You are electrocuted!!
Ouch! That really hurt!
You die...

#.............#.###
#..........####.# #
########...# #.# #
#...####.### #####
###......... #)..#
#......... #...#
#......... #.g.#
#......... #@#
#......... ♣.♣♣
######'### ♣♣.♣
#.### ♣.♣♣ #.##<
♣♣.♣ #.#.# ♣♣.♣♣
#.#.. ♣♣...♣ #.#.#
♣..).♣ #.#.# #..).#
#.#.#


You could see Crazy Yiuf.

Vanquished Creatures
  An adder (D:2)
  2 dart slugs (D:1)
  A leopard gecko (D:1)
  A bat (D:2)
  A giant cockroach (D:2)
  2 goblins (D:1)
  4 hobgoblins
  5 kobolds
  A quokka (D:2)
  A ball python (D:2)
  A frilled lizard (D:2)
  7 rats
27 creatures vanquished.

Notes
Turn   | Place    | Note
-------+----------+-------------------------------------------
     0 | D:1      | BorisKarlOrff the Octopode Assassin began the quest for the
                  | Orb.
     0 | D:1      | Reached XP level 1. HP: 14/14 MP: 1/1
   180 | D:1      | Reached XP level 2. HP: 1/19 MP: 2/2
  1346 | D:2      | Reached skill level 6 in Stealth
  1414 | D:2      | Reached XP level 3. HP: 24/24 MP: 3/3
  1443 | D:2      | Found a blossoming altar of Fedhas.
  1838 | D:2      | Found a runed translucent door.
  1839 | D:2      | Noticed Crazy Yiuf
  1843 | D:2      | Mangled by Crazy Yiuf

Skill      XL: |  1  2 |
---------------+-------+-----
Stealth        | 6 |  6.2
Fighting       | |  2.1
Short Blades   | |  2.3
Throwing       | |  2.5
Dodging        | |  1.0

Action                   || total
-------------------------++-------
Melee: Dagger            ||    45
       Constrict         ||    10
       Tentacles         ||     5
 Fire: Blowgun           ||     3
  Use: Scroll            ||     7
 Stab: Sleeping          ||    11
  Eat: Ration            ||     1
Armor: Skin              ||     3
Dodge: Dodged            ||    20
